 Dungeon Crawl Stone Soup version 0.30-a0-1160-g6e42c06551 (webtiles) character file.

Game seed: 4328260853590961882

332 sircluck the Chopper (level 6, 0/53 HPs)
             Began as a Hill Orc Fighter on Apr 25, 2023.
             Was a Follower of Beogh.
             Slain by an ogre
             ... wielding a +0 giant club
              (9 damage)
             ... on level 4 of the Dungeon.
             The game lasted 00:04:48 (2263 turns).

sircluck the Chopper (Hill Orc Fighter)             Turns: 2263, Time: 00:04:48

Health: 0/53       AC: 12    Str: 21    XL:     6   Next: 52%
Magic:  6/6        EV:  9    Int:  8    God:    Beogh [*.....]
Gold:   142        SH:  4    Dex: 10    Spells: 5/5 levels left

rFire   . . .        o - +3 war axe
rCold   . . .        c - +0 buckler
rNeg    . . .        b - +0 scale mail
rPois   .            u - +0 helmet
rElec   .            q - +2 cloak
rCorr   .            (no gloves)
SInv    .            t - +0 pair of boots
Will    .....        (no amulet) Stlth
                     r - ring of wizardry
HPRegen 0.28/turn    (no ring)
MPRegen 0.10/turn

%: wizardry (x1)
@: no status effects
A: no striking features
a: Renounce Religion


You were on level 4 of the Dungeon.
You worshipped Beogh.
Beogh was aware of your devotion.
You visited 1 branch of the dungeon, and saw 4 of its levels.

You collected 142 gold pieces.

Inventory:

Hand Weapons
 a - a +0 war axe
 o - a +3 war axe (weapon)
Missiles
 f - 2 silver javelins (quivered)
 l - 40 stones
Armour
 b - a +0 scale mail (worn)
 c - a +0 buckler (worn)
 q - a +2 cloak (worn)
 t - a +0 pair of boots (worn)
 u - a +0 helmet (worn)
Jewellery
 r - a ring of wizardry (left hand)
Scrolls
 e - a scroll of butterflies {unknown}
 g - 2 scrolls of teleportation {unknown}
 j - a scroll of acquirement {unknown}
 m - 2 scrolls of identify {unknown}
 s - a scroll of enchant armour {unknown}
Potions
 d - a potion of might
 h - a potion of attraction {unknown}
 i - a potion of magic {unknown}
 k - 2 potions of haste {unknown}
 n - a potion of curing {unknown}
 p - a potion of degeneration {unknown}
 v - a potion of mutation {unknown}


   Skills:
 + Level 4.6 Fighting
 + Level 6.1 Axes
 + Level 4.7 Armour
 + Level 1.0 Dodging
 + Level 0.3 Stealth
 + Level 3.9 Shields


You had 5 spell levels left.
You didn't know any spells.
Your spell library was empty.

Dungeon Overview and Level Annotations

Branches:
Dungeon (4/15)
 Temple: D:4-7

Altars:

Shops:
D:4 :


Message History

The hobgoblin throws a stone.
You block the stone.
You slash the hobgoblin!
You kill the hobgoblin!
Beogh accepts your kill.
l - 40 stones (gained 4)
You see here a hobgoblin corpse.
You see here a hobgoblin corpse.
You hit the ogre.
The ogre is lightly wounded.
The ogre hits you with a +0 giant club!
You barely miss the ogre.
The ogre is lightly wounded.
You block the ogre's attack.
You barely miss the ogre.
The ogre is lightly wounded.
The ogre barely misses you.
You hit the ogre.
The ogre is moderately wounded.
The ogre hits you with a +0 giant club!
You hit the ogre.
The ogre is heavily wounded.
You closely miss the ogre.
The ogre is heavily wounded.
The ogre closely misses you.
You closely miss the ogre.
The ogre is heavily wounded.
The ogre closely misses you.
You barely miss the ogre.
The ogre is heavily wounded.
You block the ogre's attack.
You barely miss the ogre.
The ogre is heavily wounded.
The ogre hits you with a +0 giant club!!
* * * LOW HITPOINT WARNING * * *
You slash the ogre!
The ogre is almost dead.
You hit the ogre.
The ogre is almost dead.
The ogre hits you with a +0 giant club!
You die...

#..#....)....#.##.....
#..#.#######...##.#.#.
#..#.# #.####.#.#.
#..#.# ##.## #.#.##
#....# #.#.###.#.#
#.##.# ##......#.##
#.##.# #.....g..##
#.##.#######.######.##
#.##.@O†.....# #...
..########.### ####
### #.# # #.# # #.# #
#.# # #.# # #..


You could see an ogre.

Vanquished Creatures
  2 scorpions (D:4)
  An orc priest (D:4)
  A hound (D:3)
  2 orc wizards
  3 adders
  2 worms (D:3)
  2 dart slugs
  11 orcs
  8 ball pythons
  8 endoplasms
  4 giant cockroaches
  2 goblins (D:1)
  5 hobgoblins
  7 kobolds
  A quokka (D:1)
  7 bats
  4 frilled lizards
  A rat (D:1)
71 creatures vanquished.

Notes
Turn   | Place    | Note
-------+----------+-------------------------------------------
     0 | D:1      | sircluck the Hill Orc Fighter began the quest for the Orb.
     0 | D:1      | Reached XP level 1. HP: 19/19 MP: 1/1
   155 | D:1      | Reached XP level 2. HP: 27/27 MP: 2/2
   444 | D:1      | Reached skill level 3 in Axes
   462 | D:1      | Reached XP level 3. HP: 22/33 MP: 3/3
   787 | D:2      | Found a faded altar of an unknown god.
  1482 | D:3      | Reached skill level 4 in Axes
  1482 | D:3      | Reached XP level 4. HP: 24/40 MP: 4/4
  1652 | D:3      | Became a worshipper of Beogh the Brigand
  1809 | D:3      | Reached XP level 5. HP: 44/46 MP: 5/5
  1876 | D:3      | Identified the +1 cloak "Reuz" {+Inv Will+ Str+2 Dex+3}
  1973 | D:4      | Noticed an ogre
  1973 | D:4      | Found Kaol's Book Boutique.
  2036 | D:4      | Reached skill level 5 in Axes
  2036 | D:4      | Reached skill level 1 in Dodging
  2065 | D:4      | Reached * piety under Beogh
  2066 | D:4      | Reached XP level 6. HP: 47/53 MP: 6/6
  2079 | D:4      | Reached skill level 6 in Axes
  2263 | D:4      | Slain by an ogre

Illustrated notes

Levels and vault maps discovered:
D:1:      psy_arrival_dodecagon, layout_rooms, grunt_decor_arrowhead
D:2:      layout_basic, hellmonk_ecumenical_altar_run_dry, grunt_ministairs_1
D:3:      layout_basic
D:4:      layout_loops_ring, mainiacjoe_overflow_alcove_1, serial_shops, shop

Skill      XL: |  1  2  3  4  5  6 |
---------------+-------------------+-----
Axes           | 3 4 5 6 |  6.1
Fighting       | 4 |  4.6
Armour         | 4 |  4.7
Dodging        | 1 |  1.0
Stealth        | |  0.3
Shields        | |  3.9

Action                     |  1- 3 |  4- 6 || total
---------------------------+-------+-------++-------
  Melee: War axe           |    95 |    90 ||   185
  Throw: Javelin           |     4 |       ||     4
 Invoke: Convert to Beogh  |       |     1 ||     1
 Armour: Scale mail        |    56 |    45 ||   101
  Dodge: Dodged            |    48 |    28 ||    76
  Block: Buckler           |    26 |    16 ||    42

Table legend: (Time is in decaauts)
 A = Elapsed time spent in this place.
 B = Non-inter-level travel time spent in this place.
 C = Inter-level travel time spent in this place.
 D = Time resting spent in this place.
 E = Time spent auto-exploring this place.
 F = Levels seen in this place.
 G = Mean time per level.
                   A        B        C        D        E       F      G
               +--------+--------+--------+--------+--------+-----+--------+
         Total |   2326 |   1977 |    349 |      0 |   1402 |   4 |  581.5 |
       Dungeon |   2326 |   1977 |    349 |      0 |   1402 |   4 |  581.5 |
               +--------+--------+--------+--------+--------+-----+--------+

Top non-repeatable levels by time:
     D:2: 765 daAuts
     D:1: 730 daAuts
     D:3: 577 daAuts
     D:4: 253 daAuts
